Map: Year Zero LE

Players

DisK

  • Race: Protoss Protoss
  • Spawn Location: 1:00

Probe - Winner!

  • Race: Protoss Protoss
  • Spawn Location: 11:00

Event: 2019 WCS Winter Americas

VOD

Have the link to the VOD?

Description

Time

  • Played on: Feb. 7, 2019, 4:13 p.m.
  • Length: 14:56

All games in this series

Show
View Real Time Build Order
Export as new Build Order

DisK Protoss 

Build Orders: Phoenix Opening, Blink Stalkers 

Get SALT Encoding   

  12  0:00  Probe  
  13  0:12  Probe  
  14  0:17  Pylon  
  14  0:24  Probe  
  15  0:34  Probe  
  15  0:36  Gateway  
  16  0:42  Probe  
  16  0:48  Assimilator  
  17  0:52  Probe  
  17  0:56  Assimilator  
  18  1:01  Probe  
  18  1:09  Probe, Gateway  
  20  1:19  Probe  
  21  1:26  Cybernetics Core  
  21  1:31  Probe  
  22  1:37  Pylon  
  22  1:43  Probe  
  23  1:54  Warp Gate  
  23  1:55  Probe  
  24  2:03  Stalker, Sentry  
  24  2:07  Probe  
  29  2:15  Pylon  
  29  2:29  Stalker  
  31  2:33  Stalker  
  31  2:36  Phoenix, Probe  
  34  2:41  Twilight Council  
  33  3:00  Blink  
  33  3:04  Nexus  
  33  3:11  Probe  
  34  3:26  Shield Battery  
  34  3:28  Probe  
  35  3:40  Pylon  
  35  3:43  Stalker x2  
  39  3:51  Probe  
  38  4:03  Probe  
  39  4:10  Stalker x2  
  39  4:16  Probe  
  43  4:20  Probe  
  45  4:24  Probe  
  46  4:32  Probe  
  46  4:34  Probe  
  48  4:42  Robotics Facility  
  48  4:44  Probe  
  48  4:46  Stalker, Probe  
  51  4:53  Shield Battery  
  51  4:56  Probe  
  52  5:04  Resonating Glaives  
  48  5:07  Probe  
  48  5:11  Probe  
  50  5:19  Probe  
  50  5:23  Probe  
  50  5:24  Gateway  
  50  5:25  Observer  
  50  5:27  Gateway  
  52  5:31  Probe  
  54  5:35  Probe  
  54  5:37  Gateway  
  54  5:42  Pylon  
  55  5:45  Pylon  
  55  5:48  Warp Prism  
  55  5:55  Adept  
  59  5:58  Adept  
  59  6:03  Pylon  
  61  6:10  Probe x2  
  63  6:19  Adept x3  
  63  6:23  Adept  
  71  6:43  Probe  
  71  6:44  Probe  
  71  6:45  Pylon  
  73  6:48  Adept x4  
  73  6:49  Adept  
  73  6:52  Pylon  
  83  7:10  Adept  
  83  7:11  Adept x4  
  87  7:33  Adept x5  
  83  7:40  Probe x2  
  83  7:42  Assimilator  
  83  7:43  Assimilator  
  77  7:45  Robotics Bay  
  73  8:02  Stalker x4  
  73  8:03  Probe  
  70  8:11  Observer  
  68  8:15  Probe  
  68  8:16  Probe  
  70  8:21  Stalker  
  72  8:27  Disruptor  
  72  8:37  Stalker x3  
  72  8:38  Shield Battery  
  72  8:40  Shield Battery  
  79  8:44  Stalker x2  
  81  8:49  Shield Battery  
  81  8:51  Shield Battery  
  81  8:52  Pylon  
  81  8:53  Pylon  
  80  9:07  Disruptor  
  78  9:21  Stalker x2  
  82  9:29  Stalker x2  
  86  9:32  Disruptor  
  86  9:39  Forge  
  89  9:56  Disruptor  
  89  9:59  Dark Shrine  
  85  10:12  Protoss Ground Weapons Level 1  
  88  10:18  Nexus  
  88  10:20  Pylon  
  88  10:24  Disruptor  
  91  10:37  Stalker  
  91  10:38  Stalker x2  
  97  10:52  Zealot  
  97  10:54  Disruptor  
  99  11:07  Probe x2  
  99  11:09  Pylon  
  104  11:18  Dark Templar x2  
  105  11:21  Probe x2, Disruptor  
  112  11:38  Probe x2  
  112  11:39  Probe  
  115  11:48  Stalker  
  115  11:49  Stalker x2  
  119  12:07  Stalker x2  
  119  12:08  Probe x3  
  121  12:10  Assimilator  
  121  12:11  Assimilator, Pylon  
  121  12:14  Dark Templar x2  
  124  12:20  Probe x2  
  126  12:35  Stalker x3  
  131  12:48  Stalker x2  
  133  13:04  Zealot x3  
  128  13:13  Zealot x2  
  128  13:18  Disruptor  
  131  13:24  Probe x3  
  131  13:25  Dark Templar x2  
  131  13:26  Stalker  
  140  13:30  Pylon  
  140  13:37  Robotics Facility  
  140  13:45  Probe x2  
  138  13:52  Observer  
  138  14:01  Photon Cannon  
  139  14:04  Photon Cannon, Pylon  
  137  14:14  Stalker x3  
  100  14:43  Dark Templar x2  
  100  14:44  Dark Templar  
  100  14:45  Dark Templar x4  
Show
View Real Time Build Order
Export as new Build Order

Probe Protoss - Winner!

Build Orders: Oracle Opening, Zealot Archon 

Get SALT Encoding   

  12  0:00  Probe  
  13  0:12  Probe  
  14  0:18  Pylon  
  14  0:24  Probe  
  15  0:32  Probe  
  15  0:37  Gateway  
  15  0:40  Probe  
  16  0:49  Assimilator  
  17  0:50  Probe  
  17  0:55  Assimilator  
  18  0:58  Probe  
  19  1:06  Probe  
  20  1:12  Gateway  
  20  1:17  Probe  
  21  1:25  Cybernetics Core  
  21  1:29  Probe  
  22  1:37  Pylon  
  22  1:41  Probe  
  23  1:55  Probe  
  24  2:01  Stalker  
  24  2:02  Warp Gate, Sentry  
  24  2:07  Probe  
  29  2:12  Pylon  
  29  2:23  Pylon  
  29  2:29  Stargate  
  29  2:34  Adept  
  29  2:35  Adept  
  33  2:58  Nexus  
  33  3:03  Oracle  
  33  3:08  Probe  
  34  3:17  Pylon  
  37  3:21  Probe  
  38  3:30  Oracle  
  38  3:33  Probe  
  42  3:45  Probe  
  43  3:55  Adept x2  
  43  3:58  Robotics Facility  
  43  4:00  Probe  
  44  4:12  Probe  
  45  4:19  Gateway  
  45  4:22  Zealot, Sentry  
  49  4:27  Probe  
  50  4:34  Probe, Shield Battery  
  51  4:39  Probe  
  51  4:40  Immortal  
  52  4:46  Probe  
  58  4:52  Probe  
  58  4:58  Probe  
  59  5:03  Probe  
  58  5:07  Probe  
  58  5:11  Probe  
  57  5:15  Probe, Forge  
  57  5:17  Twilight Council  
  57  5:19  Observer, Probe  
  60  5:22  Pylon  
  60  5:24  Probe  
  62  5:32  Assimilator x2  
  62  5:40  Probe x2  
  62  5:42  Immortal  
  68  5:52  Protoss Ground Weapons Level 1  
  68  5:56  Pylon x2  
  70  6:00  Charge  
  68  6:14  Gateway  
  68  6:16  Gateway x2  
  68  6:23  Templar Archives  
  68  6:26  Pylon  
  68  6:28  Phoenix  
  70  6:36  Shield Battery  
  70  6:38  Shield Battery  
  70  6:47  Gateway  
  70  6:48  Gateway  
  70  6:52  Shield Battery  
  70  6:54  Shield Battery  
  70  6:56  Zealot  
  70  7:01  High Templar x2  
  74  7:05  Archon  
  74  7:08  Gateway  
  74  7:12  Zealot x2  
  78  7:28  High Templar, Protoss Ground Weapons Level 2  
  78  7:29  High Templar  
  80  7:34  Archon  
  76  7:41  Zealot x3  
  76  7:42  Zealot  
  84  7:50  Pylon  
  84  7:51  Pylon  
  84  7:52  Zealot  
  84  7:55  Pylon  
  85  8:05  High Templar x2  
  89  8:06  Zealot x2  
  93  8:12  Archon  
  93  8:15  Stalker x2  
  93  8:19  Phoenix  
  97  8:31  Zealot x4  
  107  8:45  Nexus  
  107  8:50  Zealot  
  109  8:58  High Templar x2  
  113  9:04  Phoenix  
  115  9:10  Archon  
  115  9:11  Zealot  
  115  9:14  Pylon  
  115  9:16  Pylon  
  117  9:18  Pylon  
  117  9:26  Warp Prism  
  117  9:27  Pylon  
  117  9:28  Pylon  
  117  9:30  Probe  
  120  9:48  High Templar  
  120  9:49  High Templar, Pylon  
  120  9:51  Phoenix  
  124  9:55  Observer, Pylon  
  126  10:02  Archon  
  127  10:09  Phoenix  
  127  10:19  Probe x3  
  131  10:22  Protoss Ground Weapons Level 3  
  131  10:27  Zealot, High Templar x2  
  131  10:28  Zealot x2  
  141  10:31  Probe x2  
  141  10:34  Assimilator  
  143  10:37  Assimilator  
  143  10:40  Phoenix  
  145  10:44  Archon  
  145  10:46  Immortal  
  145  10:47  Probe x3  
  149  11:03  Probe x2  
  151  11:08  Phoenix  
  151  11:11  Probe  
  154  11:15  Probe x2  
  156  11:19  Stargate  
  156  11:23  Probe  
  157  11:26  Zealot  
  157  11:32  Phoenix  
  159  11:33  Zealot x3  
  159  11:36  Observer  
  168  11:55  Zealot x5  
  178  12:07  Photon Cannon  
  178  12:09  Photon Cannon  
  178  12:12  Photon Cannon, Pylon x2  
  175  12:30  Observer, Pylon x2  
  175  12:36  Phoenix  
  178  12:37  Phoenix, Pylon  
  178  12:38  Pylon  
  178  12:40  High Templar x2, Pylon  
  178  12:41  High Templar x2  
  188  12:45  Archon x2  
  188  12:52  Zealot x3  
  192  13:02  Phoenix x2  
  180  13:17  Photon Cannon  
  180  13:18  Phoenix  
  170  13:21  High Templar x2  
  170  13:22  High Templar x2  
  170  13:23  Phoenix, Zealot  
  170  13:24  Zealot x2  
  182  13:31  Archon  
  182  13:32  Probe x2  
  182  13:33  Archon  
  188  13:48  Phoenix, Nexus  
  188  13:49  Phoenix  
  190  13:57  Warp Prism  
  190  14:00  High Templar  
  190  14:01  High Templar  
  196  14:05  Archon  
  196  14:12  Zealot  
  196  14:13  Zealot  
  174  14:49  Zealot x7  
Tags
 
Add a new tag
Caveats
  • Supply blocks, unpowered buildings, or Contaminate may cause inaccurate times.
  • Supply counts are checked every 10 seconds.